cohdb
Replays
Latest Replays
All Replays
Popular Replays
Top Player Replays
Match Explorer
How It Works
Community
CoH3 Stats
Reddit
Sign in to upload your games and track your stats! →
Sign in with Steam
Match 35521380
Unlisted
Match 35521380
Overview
Messages
Build Orders
End
Kradschützen Motorcycle Team
Panzerpioneer Squad
250 Light Carrier
Construct Light Support Kompanie
Assault Grenadier Squad
Combat Half-tracks
Fire Support Elements
Assault Grenadier Squad
le.IG 18 Mechanized Group
Flakvierling Half-track
Selects Battlefield Espionage Battlegroup
Selects Intel Disruption Beacon
Selects Plunder
Selects 250/3 Funkpanzerwagen
Veteran Squad Leaders
Assault Grenadier Squad
Vehicle Survival Package
Pak 38 Mechanized Group
Selects Anti-Tank Incendiary Munitions
Selects Firestorm
Firestorm
Construct Panzerarmee Kommand
Pak 38 Mechanized Group
Armored Reserves
Firestorm
Pak 38 Anti-tank Gun Team
Tiger Heavy Tank
Tungsten Core Ammunition
Firestorm
2.5-tonne Medical Truck
Assault Grenadier Squad
Firestorm
Turtleboy
Muad'Dib
0
0
Comments
sign in to comment!
No comments posted yet!